 Dungeon Sprint DCSS version 0.24.0-123-gd5b16e6ec5 (webtiles) character file.

Game seed: 16526883366731553635, levelgen mode: deterministic

171 McKennaii the Destroyer (level 5, 0/37 (40) HPs)
             Began as a Draconian Conjurer on Jan 26, 2020.
             Slain by a necrophage (2 damage)
             ... in the Dungeon (Sprint II: "The Violet Keep of Menkaure").
             The game lasted 00:00:19 (36 turns).

McKennaii the Destroyer (Draconian Conjurer)          Turns: 36, Time: 00:00:19

HP:   0/37 (40)     AC:  5    Str: 10    XL:     5   Next: 26%
MP:   3/12          EV: 13    Int: 17    God:
Gold: 0             SH:  0    Dex: 11    Spells: 12/13 levels left

rFire    . . .     SeeInvis .   (no weapon)
rCold    . . .     Gourm    .   (no shield)
rNeg     . . .     Faith    .   (armour unavailable)
rPois    .         Spirit   .   (helmet restricted)
rElec    .         Reflect  .   (no cloak)
rCorr    .         Harm     .   (no gloves)
MR       .....     NoTele   +   (no boots)
Stlth    ++........             (no amulet)
HPRegen  0.00/turn              (no ring)
MPRegen  0.13/turn              (no ring)

@: berserk cooldown, non-regenerating, diseased, slowed, very slow
A: unfitting armour, cold-blooded, AC +5
a: no special abilities


You were in the Dungeon.
You were not hungry.

You visited 1 branch

Inventory:

Scrolls
 h - a scroll of blinking
Potions
 c - a potion of curing
 d - a potion of heal wounds
 e - a potion of haste
 f - 2 potions of magic
Comestibles
 b - a ration


   Skills:
 + Level 1.3 Fighting
 + Level 3.2 Dodging
 + Level 2.9 Stealth
 * Level 4.8 Spellcasting
 + Level 9.6 Conjurations


You had 12 spell levels left.
You knew the following spells:

 Your Spells              Type           Power        Failure   Level  Hunger
a - Magic Dart            Conj           ####         1%          1    None

Your spell library contained the following spells:

 Spells                   Type           Power        Failure   Level  Hunger
 Searing Ray              Conj           #####.       1%          2    #......
 Iskenderun's Mystic Bla  Conj           #####...     2%          4    ####...
 Dazzling Spray           Conj/Hex       ###...       6%          3    ###....
 Force Lance              Conj/Tloc      ###.....     21%         4    ####...
 Fulminant Prism          Conj/Hex       ###.......   21%         4    ####...


Dungeon Overview and Level Annotations

Branches:
Dungeon (1/1)

Altars:


Innate Abilities, Weirdness & Mutations

Your plain brown scales are hard. (AC +5)
You cannot fit into any form of body armour.
You are cold-blooded and may be slowed by cold attacks.


Message History

You destroy the necrophage!
Your Fighting skill increases to level 1!
Your Dodging skill increases to level 3!
Your Conjurations skill increases to level 9!
You have reached level 5!
Unknown command.
Unknown command.
Unknown command.
You barely miss the necrophage. The necrophage hits you.
* * * LOW HITPOINT WARNING * * *
You feel ill.
You feel your flesh rotting away! The necrophage barely misses you.
You barely miss the necrophage.
Your tail-slap misses the necrophage.
The necrophage misses you. The necrophage closely misses you.
There is a staircase leading out of the dungeon here.
You open the door.
The worker ant twitches its antennae in your direction.
The necrophage hits you.
You die...

## ## .
. .#a #
#a# #H
#'#
#.##@##
#+.n.+
#$##n##
#H #†#
# #.$.#
#..#..#
##. .##
## ##


You could see 2 necrophages and 2 worker ants.

Vanquished Creatures
  2 necrophages (D)
2 creatures vanquished.

Notes
Turn   | Place    | Note
-------+----------+-------------------------------------------
     0 | D        | McKennaii the Draconian Conjurer began the quest for the
                  | Orb.
     0 | D        | Reached XP level 1. HP: 14/14 MP: 3/3
     1 | D        | Noticed a hippogriff
     1 | D        | Noticed a hippogriff
     5 | D        | Noticed a worker ant
     5 | D        | Noticed a worker ant
     9 | D        | Noticed a necrophage
     9 | D        | Noticed a necrophage
     9 | D        | Noticed a necrophage
     9 | D        | Noticed a necrophage
    17 | D        | Killed a necrophage
    17 | D        | Reached skill level 8 in Conjurations
    17 | D        | Reached XP level 2. HP: 20/20 MP: 4/7
    17 | D        | Reached XP level 3. HP: 26/26 MP: 4/8
    17 | D        | Reached XP level 4. HP: 33/33 MP: 5/10
    31 | D        | Killed a necrophage
    31 | D        | Reached skill level 1 in Fighting
    31 | D        | Reached skill level 9 in Conjurations
    31 | D        | Reached XP level 5. HP: 8/38 MP: 1/12
    36 | D        | Slain by a necrophage

Levels and vault maps discovered:
D:        the_violet_keep_of_menkaure [sprint2_stairs_cluster_1,
          sprint2_shoproom, sprint2_temple, sprint2_basic_supplies,
          sprint2_obstacle_1, sprint2_obstacle_5, sprint2_obstacle_6,
          sprint2_obstacle_3, sprint2_obstacle_2, sprint2_timed_cluster_1,
          sprint2_smallroom_cluster_1, sprint2_smallroom_final_cluster_1,
          sprint2_transparent_cluster_1, sprint2_second_timed_cluster_1,
          sprint2_sniper_area_1, sprint2_heavy_combat_area_1,
          sprint2_mutation_trap_area_1, sprint2_forest_area_1,
          sprint2_light_combat_area_1, sprint2_behind_water_1,
          sprint2_near_end_vault_1]

Skill      XL: |  1  2  3  4 |
---------------+-------------+-----
Dodging        | 2 3 |  3.2
Stealth        | 2 |  2.9
Spellcasting   | 4 |  4.8
Conjurations   | 8 9 |  9.6
Fighting       | 1 |  1.3

Action                   |  1- 3 |  4- 6 || total
-------------------------+-------+-------++-------
Melee: Unarmed           |     6 |     9 ||    15
       Tailslap          |     2 |     1 ||     3
 Cast: Magic Dart        |       |     5 ||     5
  Use: Potion            |     1 |       ||     1
Armor: Skin              |       |     3 ||     3
Dodge: Dodged            |     3 |     9 ||    12
